 Dungeon Crawl Stone Soup version 0.25-a0-1133-g93ebf739aa (webtiles) character file.

Game seed: 2265934919831421108, levelgen mode: deterministic

1132 Essalna the Firebug (level 8, -2/48 HPs)
             Began as an Octopode Fire Elementalist on May 21, 2020.
             Was an Initiate of Vehumet.
             Engulfed by a steam dragon's steam (12 damage)
             ... on level 5 of the Dungeon.
             The game lasted 00:21:49 (6146 turns).

Essalna the Firebug (Octopode Fire Elementalist)    Turns: 6146, Time: 00:21:49

Health: -2/48      AC:  2    Str:  7    XL:     8   Next: 36%
Magic:  12/15      EV: 11    Int: 20    God:    Vehumet [......]
Gold:   42         SH:  6    Dex: 12    Spells: 16/17 levels left

rFire    . . .     SeeInvis .   k - +0 short sword
rCold    . . .     Gourm    .   z - +0 kite shield {reflect}
rNeg     . . .     Faith    .   x - +1 hat
rPois    +         Spirit   .   (no amulet)
rElec    .         Reflect  +   a - ring of poison resistance
rCorr    +         Harm     .   c - ring of resist corrosion
MR       .....                  (no ring)
Stlth    +++.......             (no ring)
HPRegen  0.16/turn              (no ring)
MPRegen  0.14/turn              (no ring)
                                (no ring)
                                (no ring)

@: no status effects
A: almost no armour, stealthy swim, amphibious, 8 rings, constrict 8, camouflage
1, gelatinous body 1
a: Renounce Religion


You were on level 5 of the Dungeon.
You worshipped Vehumet.
Vehumet was noncommittal.
You were hungry.

You visited 1 branch of the dungeon, and saw 6 of its levels.

You collected 237 gold pieces.
You spent 195 gold pieces at shops.

Inventory:

Hand Weapons
 k - a +0 short sword (weapon)
Armour
 x - a +1 hat (worn)
 z - a +0 kite shield of reflection (worn)
Jewellery
 a - a ring of poison resistance (left tentacle)
 c - a ring of resist corrosion (right tentacle)
 y - an uncursed amulet of regeneration {unknown}
Wands
 f - a wand of acid (7)
 r - a wand of paralysis (4)
Scrolls
 e - 10 scrolls of identify {unknown}
 h - 3 scrolls of noise {unknown}
 j - 4 scrolls of remove curse {unknown}
 l - 3 scrolls of teleportation {unknown}
 s - a scroll of immolation {unknown}
 t - 3 scrolls of enchant armour {unknown}
 v - a scroll of amnesia {unknown}
Potions
 d - 2 potions of mutation {unknown}
 g - 2 potions of curing
 i - 2 potions of ambrosia {unknown}
 m - a potion of magic {unknown}
 n - a potion of resistance {unknown}
 o - 3 potions of heal wounds {unknown}
 p - 2 potions of berserk rage {unknown}
 q - a potion of lignification {unknown}
 u - 2 potions of invisibility {unknown}
 w - a potion of degeneration {unknown}
Comestibles
 b - 4 rations


   Skills:
 + Level 1.3 Fighting
 + Level 2.5 Dodging
 - Level 2.6 Stealth
 + Level 0.3 Shields
 + Level 5.2 Spellcasting
 + Level 5.3 Conjurations
 + Level 6.1 Fire Magic


You had 16 spell levels left.
You knew the following spells:

 Your Spells              Type           Power        Failure   Level  Hunger
a - Foxfire               Conj/Fire      ####         7%          1    None

Your spell library contained the following spells:

 Spells                   Type           Power        Failure   Level  Hunger
 Conjure Flame            Conj/Fire      ####....     22%         3    ##.....
 Inner Flame              Hex/Fire       ###.....     54%         3    ##.....
 Sticky Flame             Conj/Fire      ####....     56%         4    ####...
 Fireball                 Conj/Fire      ####......   89%         5    #####..


Dungeon Overview and Level Annotations

Branches:
Dungeon (6/15)
 Temple: D:4-7

Altars:
Ashenzari
Dithmenos
Fedhas
Hepliaklqana
Makhleb
Nemelex Xobeh
Okawaru
Sif Muna
Trog
Vehumet
Wu Jian

Shops:
D:4 :   D:5 [[

Annotations:
D:5 Dowan, Duvessa, Eustachio


Innate Abilities, Weirdness & Mutations

You cannot wear most types of armour.
You are very stealthy in the water. (Stealth+)
You are amphibious.
You can wear up to eight rings at the same time.
You can use your tentacles to constrict eight enemies at once.
Your skin changes colour to match your surroundings (Stealth+).
Your rubbery body absorbs attacks. (AC +1, EV +1)


Message History

You barely miss the steam dragon. You squeeze the steam dragon.
The steam dragon is severely wounded.
The foxfire hits the steam dragon but does no damage.
The steam dragon is severely wounded.
The foxfire hits the steam dragon.
The steam dragon is severely wounded.
The steam dragon breathes steam at you. The ball of steam hits you!
An iguana comes into view.
The iguana hisses angrily.
Casting: Foxfire (safe; 7% risk of failure)
Confirm with . or Enter, or press ? or * to list all spells.
You conjure some foxfire!
You are engulfed in a cloud of scalding steam.
* * * LOW HITPOINT WARNING * * *
You block the steam dragon's attack. The steam dragon closely misses you.
You hit the steam dragon.
The steam dragon is almost dead.
You are engulfed in a cloud of scalding steam.
You die...

##..## ##.......#
###..# ##.########
# #.#.###.## #
#.##.#.######## #
#.##...# #.... .
#...## #..#######
#§...§####....§§.#
#.§§§§§.##.##D###.#
#.# §.§§§§§..#..v@#
.. #.§.§ §§§...##v#
. ..# .§.§§
§......##§.. .. ..
#§§§
..§.......§.... ...
.. ..# §§
§..§########.# ....
##. ..# §§§## #
...c.#.. ..# § #
#... ..### #.# ###.
..#.##§. #.# #.


You could see a steam dragon (catching breath).

Vanquished Creatures
  Grinder (D:3)
  2 phantoms
  An ogre (D:4)
  A centaur (D:5)
  Blork the orc (D:5)
  3 scorpions
  A howler monkey (D:4)
  A crimson imp (D:3)
  2 hounds (D:4)
  An orc priest (D:3)
  2 worker ants
  3 gnolls (D:4)
  A howler monkey skeleton (D:5)
  2 adders
  3 adder skeletons (D:4)
  5 worms
  2 dart slugs
  4 leopard geckos
  8 orcs
  10 bats
  2 giant cockroaches
  2 goblins
  6 hobgoblins
  10 jackals
  6 kobolds
  2 ball pythons (D:3)
  10 frilled lizards
  A jackal skeleton (D:4)
  9 rats
102 creatures vanquished.

Vanquished Creatures (collateral kills)
  An orc (D:4)
1 creature vanquished.

Vanquished Creatures (others)
  332 foxfires
332 creatures vanquished.

Grand Total: 435 creatures vanquished

Notes
Turn   | Place    | Note
-------+----------+-------------------------------------------
     0 | D:1      | Essalna the Octopode Fire Elementalist began the quest for
                  | the Orb.
     0 | D:1      | Reached XP level 1. HP: 11/11 MP: 3/3
   251 | D:1      | Reached XP level 2. HP: 17/17 MP: 3/5
   765 | D:1      | Reached XP level 3. HP: 21/21 MP: 4/6
  1018 | D:2      | Found a sparkling altar of Nemelex Xobeh.
  1586 | D:2      | Found a shimmering blue altar of Sif Muna.
  1587 | D:2      | Found a blossoming altar of Fedhas.
  1587 | D:2      | Found an iron altar of Okawaru.
  1587 | D:2      | Found a shadowy altar of Dithmenos.
  1589 | D:2      | Found an ornate altar of the Wu Jian Council.
  1590 | D:2      | Found a shattered altar of Ashenzari.
  1593 | D:2      | Found a bloodstained altar of Trog.
  2146 | D:3      | Reached XP level 4. HP: 15/27 MP: 3/8
  2409 | D:3      | Noticed a phantom
  2651 | D:3      | Killed a phantom
  2651 | D:3      | Reached skill level 4 in Fire Magic
  2651 | D:3      | Reached XP level 5. HP: 18/31 MP: 0/9
  3066 | D:3      | Noticed Grinder
  3079 | D:3      | Paralysed by Grinder for 3 turns
  3084 | D:3      | Killed Grinder
  3084 | D:3      | Reached XP level 6. HP: 16/36 MP: 4/12
  3526 | D:3      | Found a burning altar of Makhleb.
  3527 | D:3      | Found a radiant altar of Vehumet.
  3581 | D:3      | Reached skill level 5 in Fire Magic
  3581 | D:3      | Reached XP level 7. HP: 23/41 MP: 13/13
  3755 | D:3      | Became a worshipper of Vehumet
  4430 | D:4      | Found a hazy altar of Hepliaklqana.
  4749 | D:4      | Reached skill level 5 in Conjurations
  4749 | D:4      | Reached XP level 8. HP: 46/46 MP: 6/15
  4834 | D:4      | Found Daybokky's Book Boutique.
  4910 | D:4      | Reached skill level 5 in Spellcasting
  5066 | D:5      | Entered Level 5 of the Dungeon
  5066 | D:5      | Found Kalousul's Armour Shoppe.
  5066 | D:5      | Noticed Eustachio
  5066 | D:5      | Noticed Blork the orc
  5066 | D:5      | Noticed Duvessa
  5066 | D:5      | Noticed Dowan
  5455 | D:5      | Reached skill level 1 in Fighting
  5455 | D:5      | Reached skill level 6 in Fire Magic
  5727 | D:5      | Killed Blork the orc
  5839 | D:5      | Found Hofraahump's Antique Armour Boutique.
  5844 | D:5      | Bought a shiny kite shield for 195 gold pieces
  6131 | D:5      | Found a shadowy altar of Dithmenos.
  6146 | D:5      | Engulfed by a steam dragon's steam

Illustrated notes

Levels and vault maps discovered:
D:1:      lemuel_arrival_broad_hall, layout_rooms
D:2:      layout_basic, minitemple, first_ration,
          nemelex_xobeh_ov_fountains_minmay
D:3:      layout_rooms, grunt_temple_overflow_lords_of_destruction,
          cheibrodos_sewer_entry_bend, uniq_grinder
D:4:      layout_basic, nicolae_overflow_crystal_walls, serial_shops, shop
D:5:      layout_loops_ring, serial_shops, nicolae_shop_trees, shop, shop,
          nicolae_shop_crystal, nicolae_dithmenos_the_darkroom, uniq_eustachio,
          uniq_blork_the_orc, uniq_duvessa
D:6:      layout_basic, ebering_ghost_xom, basic_altar, minmay_shop_damaged,
          corexii_hall_statues_i, hangedman_decor_growths,
          kennysheep_generic_room_14, uniq_sigmund

Skill      XL: |  1  2  3  4  5  6  7  8 |
---------------+-------------------------+-----
Conjurations   | 2 3 4 5 |  5.3
Spellcasting   | 3 4 5 |  5.2
Fire Magic     | 4 5 6 |  6.1
Fighting       | 1 |  1.3
Dodging        | |  2.5
Stealth        | |  2.6
Shields        | |  0.3

Action                   |  1- 3 |  4- 6 |  7- 9 || total
-------------------------+-------+-------+-------++-------
Melee: Unarmed           |     5 |       |       ||     5
       Constrict         |     7 |    14 |     8 ||    29
       Short sword       |    12 |    52 |    25 ||    89
       Tentacles         |       |     3 |     7 ||    10
 Cast: Foxfire           |    73 |    46 |   117 ||   236
Evoke: Wand              |       |     5 |       ||     5
 Stab: Paralysed         |       |     3 |       ||     3
       Sleeping          |       |       |     1 ||     1
  Eat: Chunk             |     4 |     4 |     8 ||    16
Armor: Skin              |     2 |     6 |     2 ||    10
Dodge: Dodged            |    15 |    34 |    32 ||    81
Block: Kite shield       |       |       |     5 ||     5

Table legend:
 A = Non-vault XP
 B = Vault XP
 C = Vault XP percentage of total XP
 D = Non-vault monster count
 E = Vault monster count
 F = Vault count percentage of total count
                 A         B        C        D         E       F
            +---------+---------+-------+---------+---------+-------
      Total |    1176 |     442 |  27.3 |      98 |       5 |   4.9
            +---------+---------+-------+---------+---------+-------
        D:1 |      34 |       0 |   0.0 |      19 |       0 |   0.0
        D:2 |      23 |       0 |   0.0 |      14 |       0 |   0.0
        D:3 |     249 |     342 |  57.9 |      35 |       4 |  10.3
        D:4 |     634 |       0 |   0.0 |      23 |       0 |   0.0
        D:5 |     204 |     100 |  32.9 |       6 |       1 |  14.3
        D:6 |      32 |       0 |   0.0 |       1 |       0 |   0.0
            +---------+---------+-------+---------+---------+-------
